Calgary Flames vs Tampa Bay Lightning
Created - Monday, February 24, 2025 at 08:09
Goals
|
| Calgary Flames |
1 |
1 |
2 |
4 |
| Tampa Bay Lightning |
1 |
1 |
3 |
5 |
|
Shots
|
| Calgary Flames |
16 |
13 |
9 |
38 |
| Tampa Bay Lightning |
19 |
6 |
14 |
39 |
|
1st period
1. Tampa Bay Lightning , Brent Burns 2 (Roope Hintz 12, Jamie Benn 11) at 12:34 (PP)
2. Calgary Flames , Oliver Bjorkstrand 2 (Chris Kreider 11, Jeremy Lauzon 4) at 18:29
Penalties :
Pavel Zacha (CGY) for Roughing (Minor) at 11:14, Chris Kreider (CGY) for Tripping (Minor) at 12:11
2nd period
3. Calgary Flames , Nicholas Paul 3 (Mathieu Joseph 3) at 8:27
4. Tampa Bay Lightning , Gustav Nyquist 2 (Kirill Kaprizov 11, Darcy Kuemper) at 13:24
Penalties :
Jonathan Huberdeau (TBL) for Tripping (Minor) at 3:30
3rd period
5. Tampa Bay Lightning , Jonathan Huberdeau 3 (Jamie Benn 12, Trevor Moore 3) at 6:38
6. Calgary Flames , Mathieu Joseph 1 (Nic Dowd 1, Nicholas Paul 3) at 8:40
7. Calgary Flames , Matthew Tkachuk 6 (J.T. Miller 12, Chris Kreider 12) at 11:44 (PP)
8. Tampa Bay Lightning , Travis Konecny 12 (Moritz Seider 2) at 12:58
9. Tampa Bay Lightning , Darnell Nurse 2 (Kirill Kaprizov 12) at 19:14 (PP)
Penalties :
Travis Konecny (TBL) for Hooking (Minor) at 10:20, Michael Matheson (TBL) for Hooking (Minor) at 14:52, Jeremy Lauzon (CGY) for Interference (Minor) at 18:03
Goalie Stats
Ilya Sorokin (CGY), 34 saves from 39 shots - (0.872), L, 9-6-0, 59:20 minutes
Darcy Kuemper (TBL), 34 saves from 38 shots - (0.895), W, 10-2-0, 60:00 minutes
Players Stats for Calgary Flames
Player Name G A P +/- PIM S H SB GA TA FO MP PP MP PK MP
------------------------------------------------------------------------------------
Bo Horvat 0 0 0 0 0 2 2 0 1 0 6/10 12:34 0:00 0:00
Cale Makar 0 0 0 0 0 3 1 2 2 1 0/0 23:20 3:17 2:17
Chris Kreider 0 2 2 0 2 1 1 1 0 0 1/2 18:59 3:10 1:07
Drew Doughty 0 0 0 0 0 3 2 0 0 1 0/0 23:20 3:17 2:17
Filip Hronek 0 0 0 1 0 0 1 0 0 0 0/0 14:56 0:00 0:00
J.T. Miller 0 1 1 0 0 3 2 0 2 1 14/33 20:06 3:10 2:14
Jake Middleton 0 0 0 1 0 2 0 2 0 1 0/0 15:27 0:00 0:31
Jeremy Lauzon 0 1 1 -1 2 2 0 1 0 1 0/0 21:12 2:05 1:19
Joel Eriksson Ek 0 0 0 -2 0 1 1 1 0 0 0/0 16:32 0:00 1:41
Kris Letang 0 0 0 -1 0 0 0 1 1 1 0/0 21:44 2:05 1:50
Mathieu Joseph 1 1 2 2 0 4 0 0 0 1 0/0 8:44 0:00 0:00
Matthew Tkachuk 1 0 1 0 0 2 2 1 0 0 1/1 18:08 3:10 0:00
Nic Dowd 0 1 1 2 0 1 1 0 0 1 0/0 9:00 0:00 0:00
Nicholas Paul 1 1 2 2 0 1 0 1 0 0 4/7 9:31 0:00 0:47
Oliver Bjorkstrand 1 0 1 0 0 1 1 0 1 0 0/2 12:02 0:00 0:00
Pavel Zacha 0 0 0 0 2 0 1 0 0 0 0/1 14:45 2:12 0:20
Sebastian Aho 0 0 0 -2 0 9 1 2 2 0 11/17 18:24 2:12 1:41
Zach Hyman 0 0 0 -2 0 3 0 0 0 0 0/0 16:43 2:12 0:00
Players Stats for Tampa Bay Lightning
Player Name G A P +/- PIM S H SB GA TA FO MP PP MP PK MP
------------------------------------------------------------------------------------
Anze Kopitar 0 0 0 -1 0 1 1 3 2 0 18/37 21:41 2:49 2:43
Brent Burns 1 0 1 -2 0 1 0 1 0 1 0/0 20:49 2:25 0:43
Darnell Nurse 1 0 1 2 0 2 3 1 0 2 0/0 17:41 2:25 0:11
Dylan Cozens 0 0 0 -1 0 3 0 0 0 0 0/0 10:10 0:00 2:43
Filip Forsberg 0 0 0 1 0 2 0 2 2 0 0/1 17:46 2:49 0:00
Gustav Nyquist 1 0 1 -1 0 3 1 1 1 0 0/0 15:24 0:00 0:00
Hampus Lindholm 0 0 0 0 0 2 0 0 0 0 0/0 20:20 0:00 2:45
Jamie Benn 0 2 2 1 0 2 1 0 0 1 3/8 13:09 1:18 0:00
Jason Dickinson 0 0 0 -1 0 5 1 0 0 2 3/6 10:46 0:00 2:34
Jonathan Huberdeau 1 0 1 1 2 4 0 1 0 0 0/1 11:44 0:00 0:00
Jordan Martinook 0 0 0 -1 0 0 0 1 0 0 1/1 7:27 0:00 0:00
Kirill Kaprizov 0 2 2 -1 0 7 0 0 1 1 0/0 18:31 2:49 0:05
Michael Matheson 0 0 0 0 2 1 1 2 1 0 0/0 20:37 1:42 1:51
Moritz Seider 0 1 1 -2 0 0 1 0 0 0 0/0 23:23 1:42 2:37
Roope Hintz 0 1 1 1 0 2 2 0 1 0 9/17 16:15 1:18 0:00
Travis Konecny 1 0 1 1 2 3 0 2 0 1 1/1 17:11 1:18 0:05
Trevor Moore 0 1 1 1 0 1 3 0 0 0 1/1 14:19 0:00 2:34
Tyler Myers 0 0 0 2 0 0 1 2 0 1 0/0 17:22 0:00 2:37
3 Stars
1 - Darnell Nurse (TBL)
2 - Nicholas Paul (CGY)
3 - Mathieu Joseph (CGY)
Power Play
Calgary Flames - 1 on 3 Attempt(s) - 33.33%
Tampa Bay Lightning - 2 on 3 Attempt(s) - 66.67%
Penalty Kill
Calgary Flames - 1 on 3 Attempt(s) - 33.33%
- Score 0 goal in Penalty Kill
Tampa Bay Lightning - 2 on 3 Attempt(s) - 66.67%
- Score 0 goal in Penalty Kill
Team Stat
Calgary Flames - Hits : 16 - Faceoff Wins : 37 - Blocked Shots : 12 - Penalty Minutes : 6
Tampa Bay Lightning - Hits : 15 - Faceoff Wins : 36 - Blocked Shots : 16 - Penalty Minutes : 6
Official
Referees : Kevin Pollock and Justin St. Pierre
Linesman : Michel Cormier and Ryan Gibbons
Game Notes
No Game Note
Finance
Level 1 -- Attendance: 6000 (100.00%) -- Ticket Income $570,000
Level 2 -- Attendance: 5000 (100.00%) -- Ticket Income $275,000
Level 3 -- Attendance: 2983 (99.43%) -- Ticket Income $95,456
Level 4 -- Attendance: 4950 (99.00%) -- Ticket Income $108,900
Luxury Box -- Attendance: 1000 (100.00%) -- Ticket Income $193,000
Game was played at the Tampa Bay Times Forum.
Total Attendance: 19933 (99.67%)
Total Ticket Income: $1,242,356
Other Income: $434,825
Total Income: $1,677,181
Calgary Flames
5 vs 5 Forward
Center Left Wing Right Wing Time % Phy DF OF
1 J.T. Miller Chris Kreider Matthew Tkachuk 30 0 3 2
2 Sebastian Aho Joel Eriksson Ek Zach Hyman 30 0 3 2
3 Bo Horvat Pavel Zacha Oliver Bjorkstrand 25 0 2 3
4 Nicholas Paul Nic Dowd Mathieu Joseph 15 1 2 2
5 vs 5 Defense
Defense Defense Time % Phy DF OF
1 Drew Doughty Cale Makar 35 0 2 3
2 Kris Letang Jeremy Lauzon 35 0 2 3
3 Filip Hronek Jake Middleton 30 1 2 2
4 Drew Doughty Cale Makar 0 1 2 2
PowerPlay Forward
Center Left Wing Right Wing Time % Phy DF OF
1 J.T. Miller Chris Kreider Matthew Tkachuk 50 1 2 2
2 Sebastian Aho Pavel Zacha Zach Hyman 50 1 2 2
PowerPlay Defense
Defense Defense Time % Phy DF OF
1 Drew Doughty Cale Makar 50 1 2 2
2 Kris Letang Jeremy Lauzon 50 1 2 2
Penalty Kill 4 Players Forward
Center Wing Time % Phy DF OF
1 J.T. Miller Chris Kreider 50 1 2 2
2 Sebastian Aho Joel Eriksson Ek 50 1 2 2
Penalty Kill 4 Players Defense
Defense Defense Time % Phy DF OF
1 Drew Doughty Cale Makar 50 1 2 2
2 Kris Letang Jeremy Lauzon 50 1 2 2
Penalty Kill - 3 Players Forward
Forward Time % Phy DF OF
1 J.T. Miller 50 1 2 2
2 Chris Kreider 50 1 2 2
Penalty Kill - 3 Players Defense
Defense Defense Time % Phy DF OF
1 Drew Doughty Cale Makar 50 1 2 2
2 Kris Letang Jeremy Lauzon 50 1 2 2
4 vs 4 Forward
Center Wing Time % Phy DF OF
1 J.T. Miller Chris Kreider 50 1 2 2
2 Sebastian Aho Joel Eriksson Ek 50 1 2 2
4 vs 4 Defense
Defense Defense Time % Phy DF OF
1 Drew Doughty Cale Makar 50 1 2 2
2 Kris Letang Jeremy Lauzon 50 1 2 2
Last Minutes Offensive
Center Left Wing Right Wing Defense Defense
J.T. Miller Chris Kreider Matthew Tkachuk Drew Doughty Cale Makar
Last Minutes Defensive
Center Left Wing Right Wing Defense Defense
J.T. Miller Chris Kreider Matthew Tkachuk Drew Doughty Cale Makar
Goaltenders
Starting : Ilya Sorokin
Backup : Samuel Montembeault
Extra Forwards
Normal : Nic Dowd, Bo Horvat, Nicholas Paul - PP : Nic Dowd, Bo Horvat - PK : Nicholas Paul
Extra Defensemen
Normal : Filip Hronek, Jake Middleton, Kris Letang - PP : Filip Hronek - PK : Jake Middleton, Kris Letang
Penalty Shots
J.T. Miller, Chris Kreider, Sebastian Aho, Joel Eriksson Ek, Bo Horvat
Scratches
None
Tampa Bay Lightning
5 vs 5 Forward
Center Left Wing Right Wing Time % Phy DF OF
1 Anze Kopitar Kirill Kaprizov Gustav Nyquist 34 0 2 3
2 Roope Hintz Travis Konecny Filip Forsberg 33 0 3 2
3 Jamie Benn Trevor Moore Jonathan Huberdeau 28 0 2 3
4 Jason Dickinson Dylan Cozens Jordan Martinook 5 0 2 3
5 vs 5 Defense
Defense Defense Time % Phy DF OF
1 Moritz Seider Brent Burns 36 1 3 1
2 Michael Matheson Hampus Lindholm 34 1 3 1
3 Darnell Nurse Tyler Myers 30 1 3 1
4 Moritz Seider Michael Matheson 0 1 2 2
PowerPlay Forward
Center Left Wing Right Wing Time % Phy DF OF
1 Anze Kopitar Kirill Kaprizov Filip Forsberg 50 1 2 2
2 Roope Hintz Jamie Benn Travis Konecny 50 1 2 2
PowerPlay Defense
Defense Defense Time % Phy DF OF
1 Michael Matheson Moritz Seider 50 1 2 2
2 Brent Burns Darnell Nurse 50 1 2 2
Penalty Kill 4 Players Forward
Center Wing Time % Phy DF OF
1 Jason Dickinson Trevor Moore 50 1 2 2
2 Anze Kopitar Dylan Cozens 50 1 2 2
Penalty Kill 4 Players Defense
Defense Defense Time % Phy DF OF
1 Moritz Seider Tyler Myers 50 1 2 2
2 Michael Matheson Hampus Lindholm 50 1 2 2
Penalty Kill - 3 Players Forward
Forward Time % Phy DF OF
1 Anze Kopitar 50 1 2 2
2 Jason Dickinson 50 1 2 2
Penalty Kill - 3 Players Defense
Defense Defense Time % Phy DF OF
1 Hampus Lindholm Darnell Nurse 50 1 2 2
2 Moritz Seider Tyler Myers 50 1 2 2
4 vs 4 Forward
Center Wing Time % Phy DF OF
1 Jamie Benn Travis Konecny 50 1 2 2
2 Anze Kopitar Roope Hintz 50 1 2 2
4 vs 4 Defense
Defense Defense Time % Phy DF OF
1 Michael Matheson Hampus Lindholm 50 1 2 2
2 Brent Burns Tyler Myers 50 1 2 2
Last Minutes Offensive
Center Left Wing Right Wing Defense Defense
Anze Kopitar Kirill Kaprizov Filip Forsberg Michael Matheson Moritz Seider
Last Minutes Defensive
Center Left Wing Right Wing Defense Defense
Anze Kopitar Jason Dickinson Travis Konecny Moritz Seider Hampus Lindholm
Goaltenders
Starting : Darcy Kuemper
Backup : Jeremy Swayman
Extra Forwards
Normal : Travis Konecny, Filip Forsberg, Jamie Benn - PP : Jonathan Huberdeau, Trevor Moore - PK : Travis Konecny
Extra Defensemen
Normal : Darnell Nurse, Michael Matheson, Moritz Seider - PP : Hampus Lindholm - PK : Brent Burns, Darnell Nurse
Penalty Shots
Trevor Moore, Filip Forsberg, Kirill Kaprizov, Gustav Nyquist, Jonathan Huberdeau
Scratches
None
% Time on Ice - Calgary Flames
Lines # - Real PCT - Wanted PCT - Time Play
Normal Forward
1 - 28% - 30% - 13:57
2 - 30% - 30% - 15:03
3 - 24% - 25% - 12:02
4 - 18% - 15% - 8:44
Normal Defense
1 - 34% - 35% - 16:44
2 - 36% - 35% - 17:49
3 - 30% - 30% - 14:56
4 - 1% - 0% - 0:17
PP Forward
1 - 59% - 50% - 3:10
2 - 41% - 50% - 2:12
PP Defense
1 - 61% - 50% - 3:17
2 - 39% - 50% - 2:05
PK Forward
1 - 55% - 50% - 2:03
2 - 45% - 50% - 1:41
PK Defense
1 - 56% - 50% - 2:06
2 - 44% - 50% - 1:38
PK3 Forward
1 - 48% - 50% - 0:11
2 - 52% - 50% - 0:12
PK3 Defense
1 - 48% - 50% - 0:11
2 - 52% - 50% - 0:12
44 Forward
1 - 0% - 50%
2 - 0% - 50%
44 Defense
1 - 0% - 50%
2 - 0% - 50%
Last Minute Offensive - 0:45
Last Minute Defensive - 0:00
Total
Forward - 60:00
Defense - 60:00
|
% Time on Ice - Tampa Bay Lightning
Lines # - Real PCT - Wanted PCT - Time Play
Normal Forward
1 - 31% - 34% - 15:24
2 - 30% - 33% - 15:10
3 - 24% - 28% - 11:45
4 - 15% - 5% - 7:27
Normal Defense
1 - 36% - 36% - 17:49
2 - 34% - 34% - 17:00
3 - 29% - 30% - 14:27
4 - 1% - 0% - 0:30
PP Forward
1 - 68% - 50% - 2:49
2 - 32% - 50% - 1:18
PP Defense
1 - 41% - 50% - 1:42
2 - 59% - 50% - 2:25
PK Forward
1 - 48% - 50% - 2:34
2 - 52% - 50% - 2:48
PK Defense
1 - 49% - 50% - 2:37
2 - 51% - 50% - 2:45
PK3 Forward
1 - 0% - 50%
2 - 0% - 50%
PK3 Defense
1 - 0% - 50%
2 - 0% - 50%
44 Forward
1 - 0% - 50%
2 - 0% - 50%
44 Defense
1 - 0% - 50%
2 - 0% - 50%
Last Minute Offensive - 0:00
Last Minute Defensive - 0:45
Total
Forward - 60:00
Defense - 60:00
|
Play-by-Play
1st period
0:01 of 1st period - Anze Kopitar wins face-off versus J.T. Miller in neutral zone.
0:28 of 1st period - Snap shot by Sebastian Aho.
0:28 of 1st period - Shot Hit the Post.
1:34 of 1st period - Snap shot by Kirill Kaprizov.
1:34 of 1st period - Shot Blocked by Jake Middleton.
1:51 of 1st period - Icing by Roope Hintz.
1:52 of 1st period - Roope Hintz wins face-off versus Sebastian Aho in Tampa Bay Lightning zone.
1:52 of 1st period - Roope Hintz is hit by Joel Eriksson Ek.
1:58 of 1st period - Slapshot by Roope Hintz.
1:58 of 1st period - Shot Misses the Net.
2:00 of 1st period - Backhand shot by Hampus Lindholm.
2:00 of 1st period - Stopped by Ilya Sorokin with a rebound.
2:06 of 1st period - Snap shot by Filip Forsberg.
2:06 of 1st period - Shot Misses the Net.
2:08 of 1st period - Slapshot by Michael Matheson.
2:08 of 1st period - Stopped by Ilya Sorokin without a rebound.
2:09 of 1st period - Jamie Benn wins face-off versus Oliver Bjorkstrand in Calgary Flames zone.
2:54 of 1st period - Wrist shot by Chris Kreider.
2:54 of 1st period - Deflect By Nicholas Paul.
2:54 of 1st period - Shot Blocked by Filip Forsberg.
2:54 of 1st period - Puck is out of play.
2:55 of 1st period - Roope Hintz wins face-off versus Nicholas Paul in Tampa Bay Lightning zone.
3:22 of 1st period - Drew Doughty is hit by Darnell Nurse and loses puck.
5:33 of 1st period - Brent Burns is hit by Oliver Bjorkstrand.
5:37 of 1st period - Snap shot by Jason Dickinson.
5:37 of 1st period - Stopped by Ilya Sorokin without a rebound.
5:38 of 1st period - Sebastian Aho wins face-off versus Anze Kopitar in Calgary Flames zone.
5:38 of 1st period - Sebastian Aho is hit by Moritz Seider.
5:44 of 1st period - Zach Hyman is hit by Gustav Nyquist and loses puck.
5:55 of 1st period - Wrist shot by Kirill Kaprizov.
5:55 of 1st period - Stopped by Ilya Sorokin with a rebound.
6:09 of 1st period - Off-side.
6:10 of 1st period - J.T. Miller wins face-off versus Roope Hintz in neutral zone.
6:14 of 1st period - Icing by Travis Konecny.
6:15 of 1st period - Roope Hintz wins face-off versus J.T. Miller in Tampa Bay Lightning zone.
6:32 of 1st period - Wrist shot by Filip Forsberg.
6:32 of 1st period - Shot Blocked by Matthew Tkachuk.
6:48 of 1st period - Slapshot by Jonathan Huberdeau.
6:48 of 1st period - Stopped by Ilya Sorokin without a rebound.
6:49 of 1st period - Anze Kopitar wins face-off versus Sebastian Aho in Calgary Flames zone.
6:56 of 1st period - Slapshot by Kirill Kaprizov.
6:56 of 1st period - Stopped by Ilya Sorokin without a rebound.
6:57 of 1st period - Sebastian Aho wins face-off versus Anze Kopitar in Calgary Flames zone.
7:25 of 1st period - Snap shot by Sebastian Aho.
7:25 of 1st period - Stopped by Darcy Kuemper with a rebound.
7:27 of 1st period - Snap shot by Drew Doughty.
7:27 of 1st period - Stopped by Darcy Kuemper without a rebound.
7:28 of 1st period - Bo Horvat wins face-off versus Jonathan Huberdeau in Tampa Bay Lightning zone.
7:49 of 1st period - Jeremy Lauzon is hit by Trevor Moore and loses puck.
8:00 of 1st period - Brent Burns is hit by Matthew Tkachuk and loses puck.
8:20 of 1st period - Off-side.
8:21 of 1st period - Sebastian Aho wins face-off versus Anze Kopitar in neutral zone.
8:24 of 1st period - Tyler Myers is hit by Sebastian Aho and loses puck.
8:33 of 1st period - Wrist shot by Kirill Kaprizov.
8:33 of 1st period - Shot Misses the Net.
8:35 of 1st period - Slapshot by Tyler Myers.
8:35 of 1st period - Shot Misses the Net.
8:37 of 1st period - Wrist shot by Kirill Kaprizov.
8:37 of 1st period - Shot Blocked by Joel Eriksson Ek.
8:51 of 1st period - Snap shot by J.T. Miller.
8:51 of 1st period - Stopped by Darcy Kuemper with a rebound.
9:00 of 1st period - Icing by Cale Makar.
9:01 of 1st period - Chris Kreider wins face-off versus Roope Hintz in Calgary Flames zone.
9:16 of 1st period - Slapshot by Chris Kreider.
9:16 of 1st period - Shot Misses the Net.
9:18 of 1st period - Wrist shot by Chris Kreider.
9:18 of 1st period - Shot Blocked by Filip Forsberg.
9:20 of 1st period - Slapshot by Drew Doughty.
9:20 of 1st period - Deflect By Chris Kreider.
9:20 of 1st period - Stopped by Darcy Kuemper with a rebound.
9:22 of 1st period - Slapshot by J.T. Miller.
9:22 of 1st period - Stopped by Darcy Kuemper without a rebound.
9:23 of 1st period - Nicholas Paul wins face-off versus Anze Kopitar in Tampa Bay Lightning zone.
10:01 of 1st period - Wrist shot by Jonathan Huberdeau.
10:01 of 1st period - Shot Blocked by Jeremy Lauzon.
10:30 of 1st period - Icing by Kris Letang.
10:31 of 1st period - Jason Dickinson wins face-off versus J.T. Miller in Calgary Flames zone.
10:36 of 1st period - Wrist shot by Jason Dickinson.
10:36 of 1st period - Stopped by Ilya Sorokin without a rebound.
10:37 of 1st period - J.T. Miller wins face-off versus Jason Dickinson in Calgary Flames zone.
10:52 of 1st period - Snap shot by Dylan Cozens.
10:52 of 1st period - Stopped by Ilya Sorokin with a rebound.
10:56 of 1st period - Snap shot by Jason Dickinson.
10:56 of 1st period - Stopped by Ilya Sorokin with a rebound.
10:58 of 1st period - Snap shot by Tyler Myers.
10:58 of 1st period - Deflect By Jason Dickinson.
10:58 of 1st period - Shot Misses the Net.
10:58 of 1st period - Puck is out of play.
10:59 of 1st period - Anze Kopitar wins face-off versus Bo Horvat in Calgary Flames zone.
11:02 of 1st period - Wrist shot by Kirill Kaprizov.
11:02 of 1st period - Deflect By Gustav Nyquist.
11:02 of 1st period - Stopped by Ilya Sorokin without a rebound.
11:03 of 1st period - Anze Kopitar wins face-off versus Bo Horvat in Calgary Flames zone.
11:12 of 1st period - Snap shot by Gustav Nyquist.
11:12 of 1st period - Shot Misses the Net.
11:14 of 1st period - Minor Penalty to Pavel Zacha for Roughing.
11:15 of 1st period - J.T. Miller wins face-off versus Anze Kopitar in Calgary Flames zone.
12:08 of 1st period - Snap shot by Kirill Kaprizov.
12:08 of 1st period - Stopped by Ilya Sorokin without a rebound.
12:09 of 1st period - J.T. Miller wins face-off versus Roope Hintz in Calgary Flames zone.
12:11 of 1st period - Minor Penalty to Chris Kreider for Tripping.
12:12 of 1st period - Roope Hintz wins face-off versus J.T. Miller in Calgary Flames zone.
12:20 of 1st period - Wrist shot by Jamie Benn.
12:20 of 1st period - Stopped by Ilya Sorokin with a rebound.
12:22 of 1st period - Wrist shot by Darnell Nurse.
12:22 of 1st period - Deflect By Cale Makar.
12:22 of 1st period - Stopped by Ilya Sorokin without a rebound.
12:23 of 1st period - Roope Hintz wins face-off versus Nicholas Paul in Calgary Flames zone.
12:32 of 1st period - Snap shot by Roope Hintz.
12:32 of 1st period - Shot Blocked by Nicholas Paul.
12:34 of 1st period - Slapshot by Brent Burns.
12:34 of 1st period - Goal by Brent Burns - Calgary Flames : 0 - Tampa Bay Lightning : 1.
12:35 of 1st period - Roope Hintz wins face-off versus J.T. Miller in neutral zone.
12:50 of 1st period - Snap shot by Jamie Benn.
12:50 of 1st period - Shot Misses the Net.
13:16 of 1st period - Joel Eriksson Ek is hit by Anze Kopitar and loses puck.
14:11 of 1st period - Penalty to Chris Kreider is over, Chris Kreider is back on ice.
14:20 of 1st period - Snap shot by Dylan Cozens.
14:20 of 1st period - Stopped by Ilya Sorokin without a rebound.
14:21 of 1st period - Jordan Martinook wins face-off versus Bo Horvat in Calgary Flames zone.
14:43 of 1st period - Slapshot by Cale Makar.
14:43 of 1st period - Stopped by Darcy Kuemper with a rebound.
14:45 of 1st period - Slapshot by Cale Makar.
14:45 of 1st period - Deflect By Tyler Myers.
14:45 of 1st period - Stopped by Darcy Kuemper with a rebound.
14:47 of 1st period - Slapshot by Drew Doughty.
14:47 of 1st period - Stopped by Darcy Kuemper without a rebound.
14:48 of 1st period - Sebastian Aho wins face-off versus Roope Hintz in Tampa Bay Lightning zone.
14:49 of 1st period - Slapshot by Zach Hyman.
14:49 of 1st period - Stopped by Darcy Kuemper with a rebound.
14:51 of 1st period - Wrist shot by Sebastian Aho.
14:51 of 1st period - Stopped by Darcy Kuemper with a rebound.
14:53 of 1st period - Snap shot by Sebastian Aho.
14:53 of 1st period - Stopped by Darcy Kuemper with a rebound.
14:55 of 1st period - Snap shot by Joel Eriksson Ek.
14:55 of 1st period - Shot Blocked by Travis Konecny.
14:57 of 1st period - Backhand shot by Joel Eriksson Ek.
14:57 of 1st period - Stopped by Darcy Kuemper without a rebound.
14:58 of 1st period - Sebastian Aho wins face-off versus Roope Hintz in Tampa Bay Lightning zone.
15:03 of 1st period - Wrist shot by Sebastian Aho.
15:03 of 1st period - Stopped by Darcy Kuemper with a rebound.
15:09 of 1st period - Wrist shot by Joel Eriksson Ek.
15:09 of 1st period - Shot Misses the Net.
15:31 of 1st period - Wrist shot by Roope Hintz.
15:31 of 1st period - Shot Blocked by Sebastian Aho.
15:33 of 1st period - Snap shot by Moritz Seider.
15:33 of 1st period - Deflect By Roope Hintz.
15:33 of 1st period - Shot Misses the Net.
15:33 of 1st period - Puck is out of play.
15:34 of 1st period - Anze Kopitar wins face-off versus J.T. Miller in Calgary Flames zone.
15:43 of 1st period - Wrist shot by J.T. Miller.
15:43 of 1st period - Shot Misses the Net.
15:45 of 1st period - Slapshot by Jake Middleton.
15:45 of 1st period - Stopped by Darcy Kuemper without a rebound.
15:46 of 1st period - J.T. Miller wins face-off versus Jamie Benn in Tampa Bay Lightning zone.
17:00 of 1st period - Snap shot by Jason Dickinson.
17:00 of 1st period - Deflect By Cale Makar.
17:00 of 1st period - Shot Misses the Net.
17:00 of 1st period - Puck is out of play.
17:01 of 1st period - Nicholas Paul wins face-off versus Jason Dickinson in Calgary Flames zone.
17:16 of 1st period - Snap shot by Jason Dickinson.
17:16 of 1st period - Stopped by Ilya Sorokin with a rebound.
17:28 of 1st period - Slapshot by Chris Kreider.
17:28 of 1st period - Shot Misses the Net.
17:30 of 1st period - Slapshot by J.T. Miller.
17:30 of 1st period - Stopped by Darcy Kuemper without a rebound.
17:31 of 1st period - Trevor Moore wins face-off versus J.T. Miller in Tampa Bay Lightning zone.
17:36 of 1st period - Snap shot by Jonathan Huberdeau.
17:36 of 1st period - Stopped by Ilya Sorokin without a rebound.
17:37 of 1st period - Jamie Benn wins face-off versus Sebastian Aho in Calgary Flames zone.
17:38 of 1st period - Slapshot by Jonathan Huberdeau.
17:38 of 1st period - Stopped by Ilya Sorokin without a rebound.
17:39 of 1st period - Sebastian Aho wins face-off versus Jamie Benn in Calgary Flames zone.
18:04 of 1st period - J.T. Miller is hit by Darnell Nurse and loses puck.
18:29 of 1st period - Slapshot by Oliver Bjorkstrand.
18:29 of 1st period - Goal by Oliver Bjorkstrand - Calgary Flames : 1 - Tampa Bay Lightning : 1.
18:30 of 1st period - Sebastian Aho wins face-off versus Anze Kopitar in neutral zone.
18:33 of 1st period - Snap shot by Zach Hyman.
18:33 of 1st period - Shot Misses the Net.
18:41 of 1st period - Slapshot by Kirill Kaprizov.
18:41 of 1st period - Stopped by Ilya Sorokin with a rebound.
18:43 of 1st period - Snap shot by Gustav Nyquist.
18:43 of 1st period - Shot Blocked by Jake Middleton.
18:45 of 1st period - Snap shot by Anze Kopitar.
18:45 of 1st period - Shot Misses the Net.
19:03 of 1st period - Moritz Seider is hit by Bo Horvat and loses puck.
19:44 of 1st period - Moritz Seider is hit by Nic Dowd and loses puck.
19:56 of 1st period - Icing by Kris Letang.
19:57 of 1st period - Bo Horvat wins face-off versus Anze Kopitar in Calgary Flames zone.
19:57 of 1st period - Bo Horvat is hit by Darnell Nurse.
Goals for this period are 1 for Calgary Flames vs 1 for Tampa Bay Lightning.
Shots for this period are 16 for Calgary Flames vs 19 for Tampa Bay Lightning.
2nd period
0:01 of 2nd period - Jamie Benn wins face-off versus Sebastian Aho in neutral zone.
0:26 of 2nd period - Anze Kopitar is hit by Chris Kreider and loses puck.
0:44 of 2nd period - Icing by Hampus Lindholm.
0:45 of 2nd period - Bo Horvat wins face-off versus Roope Hintz in Tampa Bay Lightning zone.
0:50 of 2nd period - Snap shot by Bo Horvat.
0:50 of 2nd period - Stopped by Darcy Kuemper without a rebound.
0:51 of 2nd period - Roope Hintz wins face-off versus Pavel Zacha in Tampa Bay Lightning zone.
1:08 of 2nd period - Wrist shot by Bo Horvat.
1:08 of 2nd period - Stopped by Darcy Kuemper without a rebound.
1:09 of 2nd period - Sebastian Aho wins face-off versus Anze Kopitar in Tampa Bay Lightning zone.
1:26 of 2nd period - Wrist shot by Sebastian Aho.
1:26 of 2nd period - Deflect By Kirill Kaprizov.
1:26 of 2nd period - Stopped by Darcy Kuemper with a rebound.
1:36 of 2nd period - Tyler Myers is hit by Cale Makar and loses puck.
3:10 of 2nd period - Snap shot by Jamie Benn.
3:10 of 2nd period - Shot Blocked by Cale Makar.
3:12 of 2nd period - Snap shot by Jamie Benn.
3:12 of 2nd period - Stopped by Ilya Sorokin without a rebound.
3:13 of 2nd period - J.T. Miller wins face-off versus Jamie Benn in Calgary Flames zone.
3:13 of 2nd period - J.T. Miller is hit by Trevor Moore.
3:30 of 2nd period - Minor Penalty to Jonathan Huberdeau for Tripping.
3:31 of 2nd period - Jason Dickinson wins face-off versus J.T. Miller in Tampa Bay Lightning zone.
3:40 of 2nd period - Dylan Cozens is hit by Matthew Tkachuk and loses puck.
4:09 of 2nd period - Slapshot by Cale Makar.
4:09 of 2nd period - Deflect By Sebastian Aho.
4:09 of 2nd period - Shot Misses the Net.
4:09 of 2nd period - Puck is out of play.
4:10 of 2nd period - Sebastian Aho wins face-off versus Anze Kopitar in Tampa Bay Lightning zone.
4:50 of 2nd period - Wrist shot by Pavel Zacha.
4:50 of 2nd period - Shot Misses the Net.
4:52 of 2nd period - Slapshot by Kris Letang.
4:52 of 2nd period - Shot Blocked by Michael Matheson.
4:54 of 2nd period - Wrist shot by Sebastian Aho.
4:54 of 2nd period - Stopped by Darcy Kuemper with a rebound.
4:56 of 2nd period - Snap shot by Zach Hyman.
4:56 of 2nd period - Deflect By Sebastian Aho.
4:56 of 2nd period - Stopped by Darcy Kuemper without a rebound.
4:57 of 2nd period - Jason Dickinson wins face-off versus J.T. Miller in Tampa Bay Lightning zone.
5:30 of 2nd period - Penalty to Jonathan Huberdeau is over, Jonathan Huberdeau is back on ice.
5:36 of 2nd period - Travis Konecny is hit by Drew Doughty and loses puck.
5:41 of 2nd period - Snap shot by Nicholas Paul.
5:41 of 2nd period - Shot Misses the Net.
5:43 of 2nd period - Snap shot by Nic Dowd.
5:43 of 2nd period - Stopped by Darcy Kuemper with a rebound.
5:45 of 2nd period - Slapshot by Cale Makar.
5:45 of 2nd period - Shot Misses the Net.
5:47 of 2nd period - Snap shot by Mathieu Joseph.
5:47 of 2nd period - Stopped by Darcy Kuemper without a rebound.
5:48 of 2nd period - Bo Horvat wins face-off versus Anze Kopitar in Tampa Bay Lightning zone.
5:55 of 2nd period - Slapshot by Pavel Zacha.
5:55 of 2nd period - Shot Misses the Net.
6:20 of 2nd period - Snap shot by Sebastian Aho.
6:20 of 2nd period - Stopped by Darcy Kuemper with a rebound.
6:44 of 2nd period - Snap shot by Filip Forsberg.
6:44 of 2nd period - Stopped by Ilya Sorokin without a rebound.
6:45 of 2nd period - Anze Kopitar wins face-off versus Nicholas Paul in Calgary Flames zone.
7:09 of 2nd period - Icing by Kris Letang.
7:10 of 2nd period - Nicholas Paul wins face-off versus Jamie Benn in Calgary Flames zone.
8:17 of 2nd period - Wrist shot by Mathieu Joseph.
8:17 of 2nd period - Shot Blocked by Jordan Martinook.
8:19 of 2nd period - Snap shot by Nicholas Paul.
8:19 of 2nd period - Shot Misses the Net.
8:27 of 2nd period - Backhand shot by Nicholas Paul.
8:27 of 2nd period - Goal by Nicholas Paul - Calgary Flames : 2 - Tampa Bay Lightning : 1.
8:28 of 2nd period - J.T. Miller wins face-off versus Jamie Benn in neutral zone.
8:37 of 2nd period - Wrist shot by Chris Kreider.
8:37 of 2nd period - Shot Misses the Net.
8:55 of 2nd period - Hampus Lindholm is hit by Drew Doughty and loses puck.
9:04 of 2nd period - Wrist shot by Zach Hyman.
9:04 of 2nd period - Stopped by Darcy Kuemper without a rebound.
9:05 of 2nd period - Bo Horvat wins face-off versus Anze Kopitar in Tampa Bay Lightning zone.
9:08 of 2nd period - Slapshot by Oliver Bjorkstrand.
9:08 of 2nd period - Shot Misses the Net.
10:01 of 2nd period - Snap shot by Zach Hyman.
10:01 of 2nd period - Shot Blocked by Jonathan Huberdeau.
10:03 of 2nd period - Slapshot by Zach Hyman.
10:03 of 2nd period - Stopped by Darcy Kuemper without a rebound.
10:04 of 2nd period - Anze Kopitar wins face-off versus J.T. Miller in Tampa Bay Lightning zone.
10:04 of 2nd period - Anze Kopitar is hit by J.T. Miller.
10:51 of 2nd period - Cale Makar is hit by Jamie Benn.
11:16 of 2nd period - Backhand shot by Nicholas Paul.
11:16 of 2nd period - Shot Misses the Net.
11:24 of 2nd period - Nic Dowd is hit by Jason Dickinson and loses puck.
11:37 of 2nd period - Gustav Nyquist is hit by J.T. Miller and loses puck.
13:10 of 2nd period - Wrist shot by J.T. Miller.
13:10 of 2nd period - Shot Misses the Net.
13:12 of 2nd period - Slapshot by Jeremy Lauzon.
13:12 of 2nd period - Stopped by Darcy Kuemper with a rebound.
13:24 of 2nd period - Snap shot by Gustav Nyquist.
13:24 of 2nd period - Goal by Gustav Nyquist - Calgary Flames : 2 - Tampa Bay Lightning : 2.
13:25 of 2nd period - Sebastian Aho wins face-off versus Roope Hintz in neutral zone.
14:43 of 2nd period - Wrist shot by Joel Eriksson Ek.
14:43 of 2nd period - Shot Misses the Net.
14:49 of 2nd period - Slapshot by Sebastian Aho.
14:49 of 2nd period - Stopped by Darcy Kuemper without a rebound.
14:50 of 2nd period - Anze Kopitar wins face-off versus J.T. Miller in Tampa Bay Lightning zone.
15:02 of 2nd period - Off-side.
15:03 of 2nd period - Matthew Tkachuk wins face-off versus Anze Kopitar in neutral zone.
16:55 of 2nd period - Wrist shot by Dylan Cozens.
16:55 of 2nd period - Shot Hit the Post.
16:57 of 2nd period - Snap shot by Hampus Lindholm.
16:57 of 2nd period - Stopped by Ilya Sorokin with a rebound.
16:59 of 2nd period - Slapshot by Hampus Lindholm.
16:59 of 2nd period - Deflect By Jason Dickinson.
16:59 of 2nd period - Shot Misses the Net.
16:59 of 2nd period - Puck is out of play.
17:00 of 2nd period - Travis Konecny wins face-off versus Oliver Bjorkstrand in Calgary Flames zone.
17:01 of 2nd period - Slapshot by Filip Forsberg.
17:01 of 2nd period - Shot Misses the Net.
17:51 of 2nd period - Slapshot by Joel Eriksson Ek.
17:51 of 2nd period - Shot Blocked by Brent Burns.
18:07 of 2nd period - Slapshot by Travis Konecny.
18:07 of 2nd period - Shot Blocked by Sebastian Aho.
18:31 of 2nd period - Slapshot by Travis Konecny.
18:31 of 2nd period - Shot Blocked by Kris Letang.
18:33 of 2nd period - Slapshot by Roope Hintz.
18:33 of 2nd period - Stopped by Ilya Sorokin with a rebound.
18:35 of 2nd period - Slapshot by Brent Burns.
18:35 of 2nd period - Shot Hit the Post.
18:47 of 2nd period - Slapshot by Travis Konecny.
18:47 of 2nd period - Stopped by Ilya Sorokin without a rebound.
18:48 of 2nd period - J.T. Miller wins face-off versus Anze Kopitar in Calgary Flames zone.
18:55 of 2nd period - Slapshot by Chris Kreider.
18:55 of 2nd period - Shot Blocked by Tyler Myers.
18:57 of 2nd period - Slapshot by Cale Makar.
18:57 of 2nd period - Shot Blocked by Anze Kopitar.
Goals for this period are 1 for Calgary Flames vs 1 for Tampa Bay Lightning.
Shots for this period are 13 for Calgary Flames vs 6 for Tampa Bay Lightning.
3rd period
0:01 of 3rd period - J.T. Miller wins face-off versus Anze Kopitar in neutral zone.
0:03 of 3rd period - Cale Makar is hit by Tyler Myers and loses puck.
0:33 of 3rd period - Snap shot by Bo Horvat.
0:33 of 3rd period - Shot Blocked by Darnell Nurse.
1:14 of 3rd period - Snap shot by Dylan Cozens.
1:14 of 3rd period - Stopped by Ilya Sorokin without a rebound.
1:15 of 3rd period - Anze Kopitar wins face-off versus J.T. Miller in Calgary Flames zone.
2:34 of 3rd period - Snap shot by Travis Konecny.
2:34 of 3rd period - Shot Misses the Net.
2:36 of 3rd period - Slapshot by Travis Konecny.
2:36 of 3rd period - Shot Misses the Net.
2:58 of 3rd period - Slapshot by Travis Konecny.
2:58 of 3rd period - Stopped by Ilya Sorokin without a rebound.
2:59 of 3rd period - Bo Horvat wins face-off versus Anze Kopitar in Calgary Flames zone.
3:04 of 3rd period - Slapshot by Cale Makar.
3:04 of 3rd period - Shot Blocked by Michael Matheson.
3:16 of 3rd period - Snap shot by Kirill Kaprizov.
3:16 of 3rd period - Deflect By Pavel Zacha.
3:16 of 3rd period - Stopped by Ilya Sorokin with a rebound.
3:56 of 3rd period - Wrist shot by Mathieu Joseph.
3:56 of 3rd period - Shot Misses the Net.
3:58 of 3rd period - Snap shot by Drew Doughty.
3:58 of 3rd period - Stopped by Darcy Kuemper with a rebound.
4:30 of 3rd period - Slapshot by Jason Dickinson.
4:30 of 3rd period - Stopped by Ilya Sorokin without a rebound.
4:31 of 3rd period - Anze Kopitar wins face-off versus Bo Horvat in Calgary Flames zone.
4:42 of 3rd period - Slapshot by Anze Kopitar.
4:42 of 3rd period - Stopped by Ilya Sorokin without a rebound.
4:43 of 3rd period - Anze Kopitar wins face-off versus J.T. Miller in Calgary Flames zone.
4:50 of 3rd period - Snap shot by Gustav Nyquist.
4:50 of 3rd period - Shot Misses the Net.
4:53 of 3rd period - Icing by Jeremy Lauzon.
4:54 of 3rd period - Anze Kopitar wins face-off versus J.T. Miller in Calgary Flames zone.
5:01 of 3rd period - Backhand shot by Kirill Kaprizov.
5:01 of 3rd period - Stopped by Ilya Sorokin without a rebound.
5:02 of 3rd period - J.T. Miller wins face-off versus Anze Kopitar in Calgary Flames zone.
5:26 of 3rd period - Icing by Brent Burns.
5:27 of 3rd period - Anze Kopitar wins face-off versus Sebastian Aho in Tampa Bay Lightning zone.
5:53 of 3rd period - Trevor Moore is hit by Bo Horvat and loses puck.
6:34 of 3rd period - Slapshot by Trevor Moore.
6:34 of 3rd period - Stopped by Ilya Sorokin with a rebound.
6:38 of 3rd period - Slapshot by Jonathan Huberdeau.
6:38 of 3rd period - Goal by Jonathan Huberdeau - Calgary Flames : 2 - Tampa Bay Lightning : 3.
6:39 of 3rd period - Anze Kopitar wins face-off versus J.T. Miller in neutral zone.
7:06 of 3rd period - Joel Eriksson Ek is hit by Roope Hintz and loses puck.
7:40 of 3rd period - Jordan Martinook is hit by Pavel Zacha and loses puck.
7:56 of 3rd period - Off-side.
7:57 of 3rd period - Nicholas Paul wins face-off versus Anze Kopitar in neutral zone.
8:02 of 3rd period - Slapshot by Filip Hronek.
8:02 of 3rd period - Shot Blocked by Anze Kopitar.
8:04 of 3rd period - Slapshot by Nic Dowd.
8:04 of 3rd period - Shot Misses the Net.
8:06 of 3rd period - Wrist shot by Mathieu Joseph.
8:06 of 3rd period - Stopped by Darcy Kuemper with a rebound.
8:08 of 3rd period - Slapshot by Mathieu Joseph.
8:08 of 3rd period - Shot Misses the Net.
8:22 of 3rd period - Snap shot by Mathieu Joseph.
8:22 of 3rd period - Shot Misses the Net.
8:24 of 3rd period - Slapshot by Jake Middleton.
8:24 of 3rd period - Stopped by Darcy Kuemper with a rebound.
8:36 of 3rd period - Wrist shot by Mathieu Joseph.
8:36 of 3rd period - Stopped by Darcy Kuemper with a rebound.
8:38 of 3rd period - Wrist shot by Nic Dowd.
8:38 of 3rd period - Shot Blocked by Gustav Nyquist.
8:40 of 3rd period - Snap shot by Mathieu Joseph.
8:40 of 3rd period - Goal by Mathieu Joseph - Calgary Flames : 3 - Tampa Bay Lightning : 3.
8:41 of 3rd period - Roope Hintz wins face-off versus J.T. Miller in neutral zone.
9:59 of 3rd period - Slapshot by Zach Hyman.
9:59 of 3rd period - Shot Blocked by Tyler Myers.
10:01 of 3rd period - Slapshot by Jeremy Lauzon.
10:01 of 3rd period - Stopped by Darcy Kuemper without a rebound.
10:02 of 3rd period - J.T. Miller wins face-off versus Roope Hintz in Tampa Bay Lightning zone.
10:07 of 3rd period - Slapshot by Chris Kreider.
10:07 of 3rd period - Shot Hit the Post.
10:09 of 3rd period - Snap shot by Cale Makar.
10:09 of 3rd period - Deflect By Filip Forsberg.
10:09 of 3rd period - Stopped by Darcy Kuemper with a rebound.
10:13 of 3rd period - Snap shot by Matthew Tkachuk.
10:13 of 3rd period - Stopped by Darcy Kuemper without a rebound.
10:14 of 3rd period - J.T. Miller wins face-off versus Filip Forsberg in Tampa Bay Lightning zone.
10:20 of 3rd period - Minor Penalty to Travis Konecny for Hooking.
10:21 of 3rd period - Anze Kopitar wins face-off versus Chris Kreider in Tampa Bay Lightning zone.
11:44 of 3rd period - Slapshot by Matthew Tkachuk.
11:44 of 3rd period - Goal by Matthew Tkachuk - Calgary Flames : 4 - Tampa Bay Lightning : 3.
11:45 of 3rd period - Roope Hintz wins face-off versus Sebastian Aho in neutral zone.
11:50 of 3rd period - Slapshot by Travis Konecny.
11:50 of 3rd period - Deflect By Roope Hintz.
11:50 of 3rd period - Stopped by Ilya Sorokin with a rebound.
11:56 of 3rd period - Wrist shot by Filip Forsberg.
11:56 of 3rd period - Shot Misses the Net.
12:12 of 3rd period - Hampus Lindholm is hit by Filip Hronek and loses puck.
12:58 of 3rd period - Wrist shot by Travis Konecny.
12:58 of 3rd period - Goal by Travis Konecny - Calgary Flames : 4 - Tampa Bay Lightning : 4.
12:59 of 3rd period - J.T. Miller wins face-off versus Anze Kopitar in neutral zone.
13:33 of 3rd period - Zach Hyman is hit by Roope Hintz and loses puck.
14:47 of 3rd period - Slapshot by Gustav Nyquist.
14:47 of 3rd period - Stopped by Ilya Sorokin without a rebound.
14:48 of 3rd period - Anze Kopitar wins face-off versus J.T. Miller in Calgary Flames zone.
14:49 of 3rd period - Snap shot by Kirill Kaprizov.
14:49 of 3rd period - Stopped by Ilya Sorokin with a rebound.
14:52 of 3rd period - Minor Penalty to Michael Matheson for Hooking.
14:53 of 3rd period - Sebastian Aho wins face-off versus Jason Dickinson in Tampa Bay Lightning zone.
15:19 of 3rd period - J.T. Miller is hit by Trevor Moore and loses puck.
16:52 of 3rd period - Penalty to Michael Matheson is over, Michael Matheson is back on ice.
17:46 of 3rd period - Drew Doughty is hit by Michael Matheson and loses puck.
18:03 of 3rd period - Minor Penalty to Jeremy Lauzon for Interference.
18:04 of 3rd period - Anze Kopitar wins face-off versus J.T. Miller in Calgary Flames zone.
18:07 of 3rd period - Wrist shot by Filip Forsberg.
18:07 of 3rd period - Stopped by Ilya Sorokin with a rebound.
18:09 of 3rd period - Slapshot by Darnell Nurse.
18:09 of 3rd period - Shot Blocked by Chris Kreider.
18:11 of 3rd period - Snap shot by Darnell Nurse.
18:11 of 3rd period - Shot Blocked by Cale Makar.
18:13 of 3rd period - Snap shot by Brent Burns.
18:13 of 3rd period - Deflect By Kirill Kaprizov.
18:13 of 3rd period - Shot Misses the Net.
18:13 of 3rd period - Puck is out of play.
18:14 of 3rd period - Anze Kopitar wins face-off versus J.T. Miller in Calgary Flames zone.
19:14 of 3rd period - Slapshot by Darnell Nurse.
19:14 of 3rd period - Deflect By Sebastian Aho.
19:14 of 3rd period - Goal by Darnell Nurse - Calgary Flames : 4 - Tampa Bay Lightning : 5.
19:15 of 3rd period - J.T. Miller wins face-off versus Anze Kopitar in neutral zone.
19:20 of 3rd period - Calgary Flames, Ilya Sorokin is pulled from the net.
19:34 of 3rd period - Wrist shot by Chris Kreider.
19:34 of 3rd period - Shot Blocked by Travis Konecny.
19:56 of 3rd period - Snap shot by Chris Kreider.
19:56 of 3rd period - Shot Misses the Net.
19:58 of 3rd period - Snap shot by Chris Kreider.
19:58 of 3rd period - Shot Blocked by Anze Kopitar.
Goals for this period are 2 for Calgary Flames vs 3 for Tampa Bay Lightning.
Shots for this period are 9 for Calgary Flames vs 14 for Tampa Bay Lightning.
Back to the Top